 Dungeon Crawl Stone Soup version 0.17.1-1-g73c8601 (webtiles) character file.

24068 Rex the Cleaver (level 12, -43/106 HPs)
             Began as a Minotaur Fighter on Dec 13, 2015.
             Was a High Priest of Okawaru.
             Annihilated by a very large slime creature (59 damage)
             ... on level 10 of the Dungeon.
             The game lasted 00:33:36 (10398 turns).

Rex the Cleaver (Minotaur Fighter)                 Turns: 10398, Time: 00:33:37

Health: -43/106    AC: 14    Str: 26    XL:     12   Next: 77%
Magic:  16/16      EV:  9    Int:  5    God:    Okawaru [*****.]
Gold:   603        SH: 12    Dex: 10    Spells: 0 memorised, 18 levels left

rFire  . . .     SeeInvis .     f - +0 broad axe
rCold  . . .     Clarity  .     F - +0 plate armour
rNeg   . . .     SustAt   .     c - +0 shield
rPois  .         Gourm    .     (helmet restricted)
rElec  .         Spirit   .     (no cloak)
rCorr  .         Warding  .     (no gloves)
rMut   .         Stasis   .     (no boots)
MR     .....                    (no amulet)
Stlth  ..........               (no ring)
                                i - ring of stealth

@: not resistant to hostile enchantments, extremely unstealthy
A: retaliatory headbutt, horns 2
a: Heroism, Finesse, Renounce Religion


You were on level 10 of the Dungeon.
You worshipped Okawaru.
Okawaru was extremely pleased with you.
You were not hungry.

You visited 2 branches of the dungeon, and saw 11 of its levels.
You also visited: Bailey.

You collected 603 gold pieces.

Inventory:

Hand Weapons
 a - a +1 war axe
 b - a +1 mace of crushing
 f - a +0 broad axe (weapon)
 E - a +0 flail of protection
Missiles
 p - 42 tomahawks of returning (quivered)
Armour
 c - a +0 shield (worn)
 F - a +0 plate armour (worn)
Jewellery
 i - a ring of stealth (left hand)
Wands
 h - a wand of fire (7)
 j - a wand of lightning (14)
 o - a wand of random effects (38)
 s - a wand of random effects (39)
 u - a wand of confusion (24)
 z - a wand of cold (1)
 G - a wand of magic darts (30)
Scrolls
 g - 12 scrolls of identify
 k - a scroll of remove curse
 m - 5 scrolls of fog
 r - 3 scrolls of fear
 t - a scroll of magic mapping
 w - a scroll of teleportation
 y - a scroll of blinking
Potions
 l - 2 potions of might
 q - a potion of resistance
 v - 2 potions of curing
 x - a potion of heal wounds
Books
 d - a book of Changes

   Spells                             Type                      Level
   a - Beastly Appendage              Transmutation                1
   b - Sticks to Snakes               Transmutation                2
   c - Spider Form                    Transmutation/Poison         3
   d - Ice Form                       Ice/Transmutation            4
   e - Blade Hands                    Transmutation                5
 D - a book of Flames

   Spells                             Type                      Level
   a - Flame Tongue                   Conjuration/Fire             1
   b - Throw Flame                    Conjuration/Fire             2
   c - Conjure Flame                  Conjuration/Fire             3
   d - Inner Flame                    Hexes/Fire                   3
   e - Sticky Flame                   Conjuration/Fire             4
   f - Fireball                       Conjuration/Fire             5
Comestibles
 e - 5 bread rations
 n - 2 meat rations
 A - 2 chunks of flesh
 B - 6 beef jerkies
 C - 9 royal jellies


   Skills:
 + Level 9.7 Fighting
 * Level 13.9(14.0) Axes
 + Level 3.6(9.9) Maces & Flails
 + Level 3.2 Throwing
 + Level 9.3 Armour
 + Level 7.9 Dodging
 + Level 5.7 Stealth
 + Level 9.8 Shields
 + Level 3.9 Spellcasting
 + Level 3.0 Invocations
 + Level 2.7 Evocations


You had 18 spell levels left.
You didn't know any spells.

Dungeon Overview and Level Annotations

Branches:
Dungeon (10/15)            Temple (1/1) D:7            Lair (0/8) D:10
    Orc: D:9-12

Altars:
Ashenzari
Cheibriados
Dithmenos
Elyvilon
Fedhas
Gozag
Kikubaaqudgha
Makhleb
Nemelex Xobeh
Okawaru
Qazlal
Ru
Sif Muna
Trog
Vehumet
Xom
Yredelemnul
Zin
The Shining One


Innate Abilities, Weirdness & Mutations

You reflexively headbutt those who attack you in melee.
You have a pair of horns on your head.


Message History

The very large slime creature closely misses you.
The hound bites you but does no damage.
A slime creature comes into view.
You hit the very large slime creature.
You headbutt the very large slime creature.
The very large slime creature is moderately wounded.
You closely miss the hound.
The hound is severely wounded.
The very large slime creature hits you!!!
* * * LOW HITPOINT WARNING * * *
The hound bites you.
* * * LOW HITPOINT WARNING * * *
You miss the hound.
The hound is severely wounded.
You hit the very large slime creature.
The very large slime creature is moderately wounded.
The hound bites you but does no damage.
The very large slime creature hits you!!!
Ouch! That really hurt!
You die...

....# ....# ._..## .....# .....#
### ### #....# ..# #.. #..###
#J########.## ...# #......#
#J#.........# ##.# #......#
#@#.######..# # #.# #......#
#h#.#.......#.# #.# #......#
#.#.#....#..#.# ##.####......#
#.))).........#
.....##......#####)#.......#.....
##.#.##......#...(.#.#.....#.####
...#.##......#..(..#.#...### #
.#.#.####'#'##.....#.#...#
.#.#.####.#.##h....#.#...#


You could see a very large slime creature, a slime creature and a hound.

Vanquished Creatures
  An orc warlord (Bailey)
  A centaur warrior (D:10)
  An orc knight (Bailey)
  A hill giant (D:10)
  Maurice (D:8)
  A troll (D:9)
  Prince Ribbit (D:6)
  A boulder beetle (D:8)
  2 hippogriffs
  4 yaks (D:9)
  The ghost of trantor the Cutter, an amateur HESk (D:6)
  A soldier ant (D:8)
  A sky beast (D:7)
  6 ice beasts
  3 orc warriors
  An eye of draining (D:6)
  The ghost of Rex the Shield-Bearer, an amateur MiFi (D:3)
  3 ogres
  A phantom (D:5)
  2 wasps
  2 centaurs
  3 big kobolds
  A gnoll sergeant (D:9)
  9 giant frogs
  3 scorpions
  2 crimson imps
  2 giant frog zombies (D:6)
  3 orc priests
  3 jellies
  8 orc wizards
  2 centaur skeletons (D:6)
  Ijyb (D:3)
  5 hounds
  7 iguanas
  7 worker ants
  Terence (D:2)
  2 killer bee zombies
  3 hound skeletons
  17 adders
  11 gnolls
  4 shadow imps
  2 oozes
  2 adder zombies
  5 worms
  4 giant geckos
  36 orcs
  4 bats
  12 goblins
  8 hobgoblins
  3 quokkas
  2 ball pythons (D:3)
  A giant cockroach (D:6)
  A giant cockroach zombie (D:6)
  A giant gecko skeleton (D:5)
  A giant gecko zombie (D:6)
  6 giant newts
  21 jackals
  34 kobolds
  A rat (D:1)
274 creatures vanquished.

Vanquished Creatures (others)
  A plant (D:7)
1 creature vanquished.

Grand Total: 275 creatures vanquished

Notes
Turn   | Place    | Note
--------------------------------------------------------------
     0 | D:1      | Rex the Minotaur Fighter began the quest for the Orb.
     0 | D:1      | Reached XP level 1. HP: 19/19 MP: 0/0
   197 | D:1      | Reached XP level 2. HP: 27/27 MP: 1/1
   202 | D:1      | Reached skill level 4 in Armour
   724 | D:2      | Reached XP level 3. HP: 31/33 MP: 2/2
   920 | D:2      | Reached skill level 5 in Fighting
   920 | D:2      | Reached skill level 7 in Axes
   920 | D:2      | Reached skill level 5 in Shields
   920 | D:2      | Reached XP level 4. HP: 39/44 MP: 2/6
   921 | D:2      | Reached skill level 9 in Axes
   921 | D:2      | Reached skill level 5 in Dodging
   921 | D:2      | Reached XP level 5. HP: 43/52 MP: 2/8
  1105 | D:2      | Noticed Terence
  1119 | D:2      | Killed Terence
  1544 | D:3      | Reached XP level 6. HP: 41/60 MP: 9/9
  1561 | D:3      | Noticed Rex's ghost (amateur MiFi)
  1572 | D:3      | Killed Rex's ghost
  1762 | D:3      | Found a stormy altar of Qazlal.
  1849 | D:3      | Found a deep blue altar of Sif Muna.
  1891 | D:3      | Noticed Ijyb
  1900 | D:3      | Killed Ijyb
  2622 | D:4      | Found a glowing golden altar of the Shining One.
  2651 | D:4      | Reached XP level 7. HP: 52/66 MP: 10/10
  2880 | D:4      | Found a shattered altar of Ashenzari.
  3256 | D:5      | Entered Level 5 of the Dungeon
  3256 | D:5      | Found an iron altar of Okawaru.
  3266 | D:5      | Became a worshipper of Warmaster Okawaru
  3670 | D:5      | Reached * piety under Okawaru
  3670 | D:5      | Reached XP level 8. HP: 73/73 MP: 11/11
  4011 | D:6      | Noticed trantor's ghost (amateur HESk)
  4020 | D:6      | Killed trantor's ghost
  4020 | D:6      | Reached skill level 10 in Axes
  4200 | D:6      | Reached ** piety under Okawaru
  4665 | D:6      | Reached XP level 9. HP: 75/80 MP: 12/12
  4893 | D:6      | Noticed a centaur skeleton
  4901 | D:6      | Killed a centaur skeleton
  4918 | D:6      | Found a basalt altar of Yredelemnul.
  5066 | D:6      | Noticed Prince Ribbit
  5074 | D:6      | Killed Prince Ribbit
  5074 | D:6      | Reached skill level 11 in Axes
  5273 | D:7      | Reached *** piety under Okawaru
  5628 | D:7      | Found a burning altar of Makhleb.
  5937 | D:7      | Found a staircase to the Ecumenical Temple.
  5944 | Temple   | Entered the Ecumenical Temple
  6820 | D:8      | Found a flagged portal.
  6845 | Bailey   | Entered a bailey
  6850 | Bailey   | Noticed an orc warlord
  7169 | Bailey   | Noticed an orc knight
  7206 | Bailey   | Killed an orc knight
  7206 | Bailey   | Reached **** piety under Okawaru
  7206 | Bailey   | Reached XP level 10. HP: 80/88 MP: 13/13
  7233 | Bailey   | Found a runed gate.
  7233 | Bailey   | Found a runed gate.
  7262 | Bailey   | Found a runed gate.
  7332 | Bailey   | Killed an orc warlord
  7332 | Bailey   | Received a gift from Okawaru
  7375 | Bailey   | Reached skill level 12 in Axes
  7375 | Bailey   | Reached skill level 5 in Stealth
  7375 | Bailey   | Reached skill level 1 in Evocations
  7375 | Bailey   | Reached XP level 11. HP: 93/95 MP: 13/15
  7376 | Bailey   | Reached skill level 13 in Axes
  7376 | Bailey   | Reached XP level 12. HP: 99/104 MP: 13/16
  7891 | D:8      | Noticed Maurice
  7904 | D:8      | Killed Maurice
  8789 | D:9      | Found a blossoming altar of Fedhas.
  9887 | D:10     | Entered Level 10 of the Dungeon
  9890 | D:10     | Reached ***** piety under Okawaru
  9987 | D:10     | Received a gift from Okawaru
 10002 | D:10     | Found a staircase to the Lair.
 10079 | D:10     | Noticed a centaur warrior
 10089 | D:10     | Killed a centaur warrior
 10224 | D:10     | Found a glowing silver altar of Zin.
 10398 | D:10     | Annihilated by a very large slime creature

Action                   |  1- 3 |  4- 6 |  7- 9 | 10-12 || total
-------------------------+-------+-------+-------+-------++-------
Melee: War axe           |    61 |   110 |   322 |     5 ||   498
       Broad axe         |       |       |       |   204 ||   204
Throw: Tomahawk          |       |       |     4 |    10 ||    14
Invok: Heroism           |       |       |       |     1 ||     1
  Use: Potion            |     3 |     6 |     1 |     8 ||    18
       Scroll            |       |    11 |     8 |     2 ||    21
 Stab: Sleeping          |       |       |     1 |     3 ||     4
       Invisible         |       |       |       |     5 ||     5
  Eat: Chunk             |       |     6 |     9 |     9 ||    24
       Meat ration       |       |       |     1 |       ||     1
       Pizza             |       |       |       |     1 ||     1
